Map: Jagannatha LE

Players

ViBE - Winner!

  • Race: Protoss Protoss
  • League: Gold
  • Spawn Location: 1:00

PapaSmurf

  • Race: Protoss Protoss
  • League: Gold
  • Spawn Location: 7:00

VOD

Have the link to the VOD?

Description

Time

  • Played on: March 22, 2021, 12:45 a.m.
  • Length: 9:33
Show
View Real Time Build Order
Export as new Build Order

ViBE Protoss - Winner!

Build Orders: 1 Gate Expand, Archon Immortal 

Get SALT Encoding   

  12  0:00  Probe  
  13  0:12  Probe  
  14  0:21  Pylon  
  14  0:24  Probe  
  15  0:39  Probe (Chrono Boost), Gateway  
  16  0:45  Assimilator  
  16  0:52  Probe (Chrono Boost)  
  17  0:57  Probe (Chrono Boost)  
  18  1:07  Probe  
  19  1:23  Nexus  
  19  1:31  Cybernetics Core  
  19  1:34  Probe  
  20  1:42  Assimilator  
  20  1:48  Probe  
  20  1:51  Pylon  
  21  2:00  Probe (Chrono Boost)  
  22  2:09  Stalker  
  22  2:10  Warp Gate  
  22  2:12  Probe (Chrono Boost)  
  25  2:20  Probe (Chrono Boost)  
  26  2:26  Pylon  
  26  2:27  Probe (Chrono Boost)  
  27  2:35  Probe (Chrono Boost)  
  28  2:39  Probe (Chrono Boost)  
  28  2:40  Sentry  
  32  2:44  Probe (Chrono Boost)  
  32  2:45  Shield Battery  
  32  2:46  Probe (Chrono Boost)  
  32  2:49  Probe (Chrono Boost)  
  34  2:54  Probe  
  35  3:01  Probe  
  36  3:06  Probe, Stalker  
  38  3:13  Probe  
  38  3:14  Robotics Facility  
  38  3:18  Gateway  
  36  3:29  Probe (Chrono Boost)  
  38  3:35  Probe (Chrono Boost)  
  38  3:40  Probe (Chrono Boost)  
  37  3:42  Probe (Chrono Boost)  
  40  3:51  Probe  
  40  3:53  Probe  
  35  4:03  Probe (Chrono Boost)  
  35  4:04  Stalker  
  38  4:10  Probe (Chrono Boost)  
  38  4:13  Stalker  
  38  4:15  Probe (Chrono Boost)  
  38  4:16  Observer  
  42  4:20  Probe x2 (Chrono Boost)  
  44  4:29  Probe x2, Stalker  
  48  4:32  Pylon  
  48  4:41  Probe  
  48  4:42  Probe  
  53  4:45  Immortal  
  53  4:53  Probe  
  53  4:56  Stalker  
  53  4:58  Stalker  
  58  5:01  Probe  
  58  5:05  Probe  
  60  5:13  Probe  
  61  5:18  Probe  
  62  5:22  Pylon, Nexus  
  62  5:26  Pylon  
  62  5:38  Assimilator  
  62  5:39  Assimilator  
  62  5:41  Probe x2, Immortal  
  68  5:45  Stalker  
  68  5:46  Stalker  
  72  5:53  Probe x2 (Chrono Boost)  
  72  5:55  Pylon  
  74  6:05  Probe x2 (Chrono Boost)  
  76  6:11  Stalker  
  78  6:21  Stalker  
  79  6:34  Probe x2  
  79  6:39  Pylon x2, Immortal  
  81  6:42  Stalker  
  81  6:46  Probe, Stalker  
  82  6:49  Twilight Council  
  82  6:51  Forge  
  82  6:53  Forge  
  82  6:57  Pylon  
  82  6:58  Probe (Chrono Boost)  
  82  6:59  Probe (Chrono Boost)  
  82  7:00  Probe (Chrono Boost)  
  82  7:01  Pylon  
  85  7:02  Pylon  
  85  7:11  Probe x2 (Chrono Boost)  
  85  7:12  Probe (Chrono Boost)  
  88  7:17  Probe x3 (Chrono Boost), Zealot x2  
  87  7:30  Immortal  
  87  7:31  Probe x2 (Chrono Boost)  
  87  7:34  Probe (Chrono Boost)  
  82  7:42  Probe (Chrono Boost)  
  82  7:43  Probe x2 (Chrono Boost)  
  85  7:46  Templar Archives  
  85  7:47  Probe (Chrono Boost)  
  85  7:49  Gateway  
  86  7:54  Gateway  
  86  7:56  Gateway  
  86  7:59  Gateway  
  86  8:02  Probe x2  
  86  8:04  Probe  
  89  8:14  Probe x2  
  89  8:16  Probe, Immortal  
  89  8:17  Zealot  
  89  8:19  Zealot  
  100  8:27  Nexus  
  100  8:31  Pylon  
  100  8:34  Pylon  
  100  8:39  Probe x3, Assimilator  
  100  8:40  Assimilator  
  103  8:46  High Templar x3  
  109  8:49  High Templar  
  109  8:51  Archon  
  109  8:53  Archon  
  108  8:57  Zealot x2  
  108  9:02  Probe x3  
  87  9:14  Probe x2  
  81  9:18  Zealot x3  
  81  9:19  Zealot  
  81  9:20  Zealot  
Show
View Real Time Build Order
Export as new Build Order

PapaSmurf Protoss 

Build Orders: Oracle Opening 

Get SALT Encoding   

  12  0:01  Probe  
  13  0:13  Probe  
  14  0:18  Pylon  
  14  0:26  Probe (Chrono Boost)  
  15  0:38  Probe (Chrono Boost)  
  15  0:39  Gateway  
  16  0:44  Probe (Chrono Boost)  
  17  0:52  Probe  
  18  0:57  Assimilator  
  18  1:02  Assimilator  
  18  1:04  Probe  
  19  1:16  Probe (Chrono Boost), Gateway  
  20  1:27  Cybernetics Core  
  20  1:28  Probe (Chrono Boost)  
  20  1:32  Probe (Chrono Boost)  
  21  1:38  Pylon  
  22  1:42  Probe  
  23  2:01  Pylon  
  23  2:03  Probe, Adept x2  
  23  2:05  Warp Gate  
  28  2:16  Stargate  
  28  2:23  Probe  
  28  2:27  Pylon  
  29  2:33  Adept  
  31  2:37  Adept  
  31  2:40  Probe  
  34  2:52  Probe  
  35  2:58  Oracle (Chrono Boost)  
  35  3:05  Probe  
  39  3:17  Probe  
  40  3:26  Nexus  
  40  3:29  Probe  
  41  3:34  Oracle  
  42  3:47  Probe  
  43  3:53  Pylon  
  41  3:59  Probe  
  42  4:07  Robotics Facility  
  37  4:11  Probe  
  36  4:22  Gateway  
  36  4:23  Probe (Chrono Boost)  
  37  4:31  Sentry x2  
  39  4:33  Probe (Chrono Boost)  
  39  4:34  Gateway  
  42  4:38  Probe x2 (Chrono Boost)  
  44  4:50  Probe x2  
  46  4:53  Immortal (Chrono Boost)  
  46  4:59  Stalker  
  52  5:02  Probe x2  
  54  5:10  Stalker  
  56  5:14  Probe  
  56  5:16  Pylon  
  56  5:17  Stalker  
  59  5:23  Warp Prism (Chrono Boost)  
  59  5:24  Twilight Council  
  61  5:31  Stalker  
  61  5:33  Probe  
  65  5:42  Probe  
  65  5:45  Probe  
  66  5:50  Nexus  
  66  5:57  Probe  
  66  5:58  Probe  
  66  6:02  Forge  
  66  6:03  Assimilator  
  68  6:05  Charge (Chrono Boost), Pylon  
  68  6:09  Probe  
  68  6:10  Probe  
  70  6:17  Pylon  
  70  6:21  Probe, Stalker x2  
  75  6:38  Probe  
  76  6:40  Probe  
  76  6:43  Protoss Ground Weapons Level 1 (Chrono Boost)  
  77  6:49  Gateway  
  77  6:50  Probe (Chrono Boost), Gateway  
  77  6:53  Assimilator  
  79  6:56  Probe (Chrono Boost)  
  80  7:02  Probe (Chrono Boost)  
  80  7:03  Gateway  
  80  7:06  Adept x4  
  80  7:07  Probe (Chrono Boost)  
  80  7:08  Probe x2 (Chrono Boost)  
  90  7:15  Probe  
  92  7:16  Probe x2  
  88  7:27  Probe  
  88  7:28  Probe  
  88  7:29  Probe  
  81  7:37  Zealot x4  
  81  7:39  Probe  
  81  7:41  Probe x2  
  88  7:47  Gateway  
  88  7:48  Zealot x2  
  92  7:51  Probe  
  92  7:53  Probe x2, Nexus  
  95  7:58  Templar Archives  
  95  8:01  Zealot x5  
  105  8:12  Zealot x2  
  109  8:17  Photon Cannon  
  109  8:19  Photon Cannon  
  109  8:21  Photon Cannon  
  109  8:24  Pylon  
  109  8:27  Pylon  
  109  8:34  Gateway  
  109  8:37  Gateway  
  109  8:40  Pylon  
  109  8:48  Pylon  
  109  8:51  Pylon  
  109  8:53  Pylon  
  109  8:54  Zealot  
  109  8:55  Zealot x5  
  103  9:10  Zealot x2  
Tags
 
Composition
Archon Immortal
League
GoldGold
Matchup
PvP
Player
ViBE
Replay Pack
Gold_League
Spawn Locations
Cross Positions
Add a new tag
Caveats
  • Supply blocks, unpowered buildings, or Contaminate may cause inaccurate times.
  • Supply counts are checked every 10 seconds.